 Dungeon Crawl Stone Soup version 0.31.0-9-g3a7656b989 (webtiles) character file.

Game seed: 7873920334774192260

12 qw the Shooter (level 2, -1/16 HPs)
             Began as a Deep Elf Hunter on Feb 2, 2024.
             Slain by a kobold
             ... wielding a +0 short sword
              (3 damage)
             ... on level 1 of the Dungeon.
             The game lasted 00:00:01 (305 turns).

qw the Shooter (Deep Elf Hunter)                     Turns: 305, Time: 00:00:01

Health: -1/16      AC:  3    Str:  8    XL:     2   Next: 20%
Magic:  4/4        EV: 12    Int: 13    God:
Gold:   32         SH:  0    Dex: 18    Spells: 1/1 levels left

rFire   . . .        a - +0 shortbow
rCold   . . .        (shield currently unavailable)
rNeg    . . .        c - +0 leather armour
rPois   .            (no helmet)
rElec   .            (no cloak)
rCorr   .            (no gloves)
SInv    .            (no boots)
Will    .....        (no amulet)
Stlth   ++           (no ring)
HPRegen 0.22/turn    (no ring)
MPRegen 0.09/turn

%: no passive effects
@: no status effects
A: no striking features
a: no special abilities


You were on level 1 of the Dungeon.
You visited 1 branch of the dungeon, and saw 1 of its levels.

You collected 32 gold pieces.


   Skills:
 - Level 1.5 Fighting
 + Level 6.1 Ranged Weapons
 - Level 2.4 Dodging
 - Level 1.2 Stealth


You had one spell level left.
You didn't know any spells.
Your spell library was empty.

Inventory:

Hand Weapons
 a - a +0 shortbow (weapon)
Armour
 c - a +0 leather armour (worn)
 g - a +0 ring mail
Jewellery
 e - a ring of protection from cold
Scrolls
 b - a scroll of butterflies
 d - 2 scrolls of identify {unknown}
 f - a scroll of poison {unknown}

Dungeon Overview and Level Annotations

Branches:
Dungeon (1/15)

Altars:


Message History

The kobold hits something with a +0 whip.
You shoot an arrow.
The arrow hits the kobold but does no damage.
The kobold hits something with a +0 whip.
You shoot an arrow. The arrow barely misses the kobold.
The kobold hits you with a +0 short sword.
The kobold barely misses you.
The kobold hits something with a +0 dagger.
You shoot an arrow. The arrow barely misses the kobold.
The kobold hits you with a +0 short sword.
The kobold closely misses you.
You shoot an arrow. The arrow hits the kobold.
The kobold is heavily wounded.
The kobold hits you with a +0 short sword.
The kobold barely misses you.
You shoot an arrow. The arrow hits the kobold!
You kill the kobold!
The kobold misses you.
Your Ranged Weapons skill increases to level 6!
You shoot an arrow. The arrow hits the kobold.
You kill the kobold!
The kobold barely misses you.
You shoot an arrow. The arrow barely misses the kobold.
The kobold hits you but does no damage. The kobold completely misses you.
The kobold barely misses you.
The kobold hits you with a +0 short sword.
You shoot an arrow. The arrow closely misses the kobold.
The kobold hits you with a +0 whip.
The kobold hits you with a +0 short sword.
You shoot an arrow.
The arrow hits the kobold but does no damage.
The kobold is heavily wounded.
The kobold hits you with a +0 whip. The kobold closely misses you.
You shoot an arrow. The arrow hits the kobold!
You kill the kobold!
The kobold misses you.
You shoot an arrow. The arrow closely misses the kobold.
The kobold hits you but does no damage.
The kobold hits you with a +0 short sword.
You die...

...........##.##.#..............#
.......######.##.........#####..#
.......# ##.###........# ##..
...##### #.............# ##. ...#
#.....######### #. #### #...>.#
## #.....# # #.....# # #....@# #
#....KK%...ยค. # #.....##%.... #
#.....# .... # #.....# ... #
#.....# 77 # ###...# ########
#.$.. ........ ......##


You could see 2 kobolds.

Vanquished Creatures
  A dart slug (D:1)
  A ball python (D:1)
  A bat (D:1)
  An endoplasm (D:1)
  A hobgoblin (D:1)
  3 kobolds (D:1)
8 creatures vanquished.

Notes
Turn   | Place    | Note
-------+----------+-------------------------------------------
     0 | D:1      | qw the Deep Elf Hunter began the quest for the Orb.
     0 | D:1      | Reached XP level 1. HP: 12/12 MP: 3/3
     0 | D:1      | 0 ||| qw: Version: 0.3-a-155-g5e7d8dd
     0 | D:1      | 0 ||| qw: Game counter: 639
     0 | D:1      | 0 ||| qw: Melee chars always use a shield: true
     0 | D:1      | 0 ||| qw: God list: Okawaru
     0 | D:1      | 0 ||| qw: Allow faded altars: false
     0 | D:1      | 0 ||| qw: Do Orc after clearing Dungeon:15 true
     0 | D:1      | 0 ||| qw: Do second Lair branch before Depths: true
     0 | D:1      | 0 ||| qw: Lair rune preference: random
     0 | D:1      | 0 ||| qw: Goals: Normal
     0 | D:1      | 0 ||| PLANNING D:1-11
   286 | D:1      | Reached XP level 2. HP: 16/16 MP: 4/4
   300 | D:1      | Reached skill level 6 in Ranged Weapons
   302 | D:1      | HP: 4/16 [kobold/+0 whip (1)]
   305 | D:1      | Slain by a kobold

Levels and vault maps discovered:
D:1:      roderic_chinese_lattice_arrival, layout_basic,
          kennysheep_small_spiral, minivault_23, minivault_14,
          lexackson_kobold_supper

Skill      XL: |  1  2 |
---------------+-------+-----
Ranged Weapons | 6 |  6.1
Fighting       | |  1.5
Dodging        | |  2.4
Stealth        | |  1.2

Action                     || total
---------------------------++-------
   Fire: Shortbow          ||    29
 Armour: Leather armour    ||    13
  Dodge: Dodged            ||    14

Table legend:
 A = Non-vault XP
 B = Vault XP
 C = Vault XP percentage of total XP
 D = Non-vault monster count
 E = Vault monster count
 F = Vault count percentage of total count
                 A         B        C        D         E       F
            +---------+---------+-------+---------+---------+-------
      Total |      12 |       6 |  33.3 |       5 |       3 |  37.5
            +---------+---------+-------+---------+---------+-------
        D:1 |      12 |       6 |  33.3 |       5 |       3 |  37.5
            +---------+---------+-------+---------+---------+-------
